 Dungeon Crawl Stone Soup version 0.18.1-47-g9310371 (webtiles) character file.

56 grulito the Sneak (level 3, -2/18 HPs)
             Began as a Spriggan Assassin on June 19, 2016.
             Slain by a worm (10 damage)
             ... on level 2 of the Dungeon.
             The game lasted 00:09:22 (1517 turns).

grulito the Sneak (Spriggan Assassin)               Turns: 1517, Time: 00:09:23

Health: -2/18      AC:  3    Str:  7    XL:     3   Next: 69%
Magic:  4/4        EV: 17    Int: 12    God:
Gold:   57         SH:  0    Dex: 18    Spells: 0 memorised, 2 levels left

rFire  . . .     SeeInvis +     a - +2 dagger
rCold  . . .     Gourm    .     c - +0 robe
rNeg   . . .     Faith    .     (shield restricted)
rPois  .         Spirit   .     (helmet restricted)
rElec  .         Dismiss  .     d - +0 cloak
rCorr  .         Reflect  .     (gloves unavailable)
SustAt .         Harm     .     (boots unavailable)
MR     .....                    (no amulet)
Stlth  ++++......               (no ring)
                                (no ring)

@: very quick, not resistant to hostile enchantments, stealthy
A: unfitting armour, see invisible, herbivore 3, speed 3, slow metabolism 2
a: no special abilities


You were on level 2 of the Dungeon.
You were not hungry.

You visited 1 branch of the dungeon, and saw 2 of its levels.

You collected 57 gold pieces.

Inventory:

Hand Weapons
 a - a +2 dagger (weapon)
 b - a +0 blowgun
 o - a +0 hunting sling
Missiles
 e - 8 poisoned needles
 f - 2 curare-tipped needles
 p - 40 stones (quivered)
Armour
 c - a +0 robe (worn)
 d - a +0 cloak (worn)
 l - a +0 robe
 r - a +0 leather armour
Scrolls
 j - a scroll of identify {unknown}
 k - a scroll of remove curse {unknown}
 n - a scroll of enchant weapon {unknown}
Potions
 i - a potion of lignification {unknown}
 m - a potion of agility {unknown}
 q - a potion of curing
 s - a potion of cancellation {unknown}
 t - a potion of ambrosia {unknown}
Comestibles
 g - 2 bread rations
 h - a royal jelly


   Skills:
 + Level 1.7 Fighting
 + Level 2.3 Short Blades
 + Level 2.0 Throwing
 + Level 2.2 Dodging
 * Level 7.7 Stealth


You had 2 spell levels left.
You didn't know any spells.

Dungeon Overview and Level Annotations

Branches:
Dungeon (2/15)

Altars:
Ru


Innate Abilities, Weirdness & Mutations

You are tiny and cannot use many weapons and most armour.
You have supernaturally acute eyesight.
You are a herbivore.
You cover ground extremely quickly.
You need consume almost no food.


Message History

The adder is almost dead.
The adder bites you but does no damage.
You hit the adder.
You kill the adder!
The worm closely misses you.
You see here an adder corpse.
You hit the worm.
The worm is lightly wounded.
The worm misses you.
You barely miss the worm. You hit the worm.
The worm is lightly wounded.
The worm barely misses you.
You hit the worm.
The worm is lightly wounded.
You barely miss the worm.
The worm is lightly wounded.
The worm bites you!
Ouch! That really hurt!
You die...

#........#####......######.
+..<....[..................
#(.......##########.###.#..
#........###### #.# #.#..
#######w....... ..# #.#..
#.############# #.#.. #.#
... ..#.# ####'#####.#
###>. #......@...#### ##.
#..†...w........ #.
#.........#####. ##
#.........# #..# #
#.........# #..# #
#.........# #..# #
#.........# #..# #
#.........# #..# #
#.........# #..# ##


You could see a worm.

Vanquished Creatures
  Ijyb (D:2)
  An adder (D:2)
  A worm (D:2)
  A dart slug (D:2)
  A giant cockroach (D:2)
  3 hobgoblins
  A quokka (D:2)
  A bat (D:2)
  2 giant newts (D:2)
  A goblin (D:2)
  5 kobolds
  3 rats
21 creatures vanquished.

Notes
Turn   | Place    | Note
--------------------------------------------------------------
     0 | D:1      | grulito the Spriggan Assassin began the quest for the Orb.
     0 | D:1      | Reached XP level 1. HP: 10/10 MP: 2/2
   124 | D:1      | Reached skill level 6 in Stealth
   671 | D:2      | Reached XP level 2. HP: 10/15 MP: 3/3
   756 | D:2      | Found a sacrificial altar of Ru.
   795 | D:2      | Noticed Ijyb
  1092 | D:2      | Killed Ijyb
  1092 | D:2      | Reached skill level 7 in Stealth
  1092 | D:2      | Reached XP level 3. HP: 4/18 MP: 4/4
  1517 | D:2      | Slain by a worm

Skill      XL: |  1  2 |
---------------+-------+-----
Stealth        | 6 7 |  7.7
Dodging        | 2 |  2.2
Fighting       | |  1.7
Short Blades   | |  2.3
Throwing       | |  2.0

Action                   || total
-------------------------++-------
Melee: Dagger            ||   113
  Use: Potion            ||     1
 Stab: Sleeping          ||     9
Armor: Robe              ||    13
Dodge: Dodged            ||    64
